 Dungeon Crawl Stone Soup version 0.19.1 (webtiles) character file.

2958 Iskender the Covert (level 9, -3/56 HPs)
             Began as an Octopode Chaos Knight on Dec 22, 2016.
             Shot with an arrow by a centaur (8 damage)
             ... on level 8 of the Dungeon.
             The game lasted 01:01:26 (8091 turns).

Iskender the Covert (Octopode Chaos Knight)         Turns: 8091, Time: 01:01:26

Health: -3/56      AC:  1    Str:  9 (10) XL:     9   Next: 81%
Magic:  9/9        EV: 16    Int: 14      God:    Xom [..*...]
Gold:   457        SH:  5    Dex: 17 (18) Spells: 1 memorised, 5 levels left

rFire  . . .     SeeInvis .     a - +0 trident
rCold  . . .     Gourm    .     l - +0 buckler
rNeg   . . .     Faith    +     (helmet restricted)
rPois  .         Spirit   .     q - amulet of faith
rElec  .         Reflect  .     P - +4 ring of dexterity
rCorr  .         Harm     .     (no ring)
MR     .....                    (no ring)
Stlth  ++++++....               (no ring)
                                (no ring)
                                (no ring)
                                (no ring)
                                (no ring)

@: drained
A: almost no armour, stealthy swim, amphibious, 8 rings, constrict 8, antennae
1, camouflage 1, deterioration 2, weak 1, gelatinous body 1
a: Renounce Religion


You were on level 8 of the Dungeon.
You worshipped Xom.
You were a toy of Xom.
You were full.

You visited 2 branches of the dungeon, and saw 10 of its levels.
You also visited: Sewer and Ossuary.

You collected 457 gold pieces.

Inventory:

Hand Weapons
 a - a +0 trident (weapon)
 b - a +3 fustibalus of chaos
 v - a +0 blowgun
 B - a +0 hunting sling of flaming
 J - a +0 spear of chaos
 W - a +3 vampiric whip
Missiles
 c - 68 poisoned needles
 e - 271 stones
 h - 4 javelins (quivered)
 H - 44 sling bullets
 Y - 2 needles of confusion
Armour
 l - a +0 buckler (worn)
 s - a +2 shield
Jewellery
 q - an amulet of faith (around mantle)
 P - a +4 ring of dexterity (left tentacle)
Wands
 k - a wand of iceblast (7/15)
 y - a wand of digging (11/24)
 L - a wand of paralysis (3/24)
 N - a wand of random effects (22/48)
Scrolls
 d - a scroll of identify
 g - a scroll of teleportation
 i - a scroll of magic mapping
 j - a scroll of immolation
 n - a scroll of recharging {unknown}
 x - a scroll of remove curse
 G - a scroll of amnesia
 I - a scroll of acquirement {unknown}
 K - a scroll of enchant armour
 O - a scroll of vulnerability
 T - a scroll of fog {unknown}
Potions
 m - a potion of resistance {unknown}
 o - a potion of cure mutation {unknown}
 p - a potion of degeneration {unknown}
 r - 3 potions of heal wounds {unknown}
 t - a potion of invisibility {unknown}
 w - a potion of lignification {unknown}
 A - 2 potions of flight {unknown}
 D - 4 potions of brilliance {unknown}
 E - 2 potions of agility
 F - a potion of berserk rage {unknown}
 M - 6 potions of curing
 U - a potion of cancellation {unknown}
 V - a potion of magic {unknown}
Books
 Q - a book of Necromancy

   Spells                             Type                      Level
   a - Pain                           Necromancy                   1
   b - Animate Skeleton               Necromancy                   1
   c - Vampiric Draining              Necromancy                   3
   d - Regeneration                   Charms/Necromancy            3
   e - Animate Dead                   Necromancy                   4
   f - Control Undead                 Necromancy                   4
Miscellaneous
 C - a phial of floods (inert)
Comestibles
 f - 5 meat rations
 u - 5 bread rations
 z - 3 slices of pizza


   Skills:
 - Level 3.0(2.6) Fighting
 - Level 3.0(2.6) Polearms
 - Level 9.0(8.5) Slings
 + Level 4.8(4.4) Dodging
 - Level 10.5(10.1) Stealth
 - Level 4.2(3.8) Shields


You had 5 spell levels left.
You knew the following spells:

 Your Spells              Type           Power        Failure   Level  Hunger
c - Regeneration          Chrm/Necr      #.........   83%         3    ####...


Dungeon Overview and Level Annotations

Branches:
Dungeon (9/15)             Temple (1/1) D:6            Lair (0/6) D:8
    Orc: D:9-12

Altars:
Ashenzari
Cheibriados
Dithmenos
Elyvilon
Fedhas
Gozag
Hepliaklqana
Kikubaaqudgha
Makhleb
Nemelex Xobeh
Okawaru
Qazlal
Ru
Sif Muna
Trog
Uskayaw
Vehumet
Xom
Yredelemnul
Zin
The Shining One

Annotations:
D:8 Pikel


Innate Abilities, Weirdness & Mutations

You cannot wear most types of armour.
You are very stealthy in the water. (Stealth+)
You are amphibious.
You can wear up to eight rings at the same time.
You can use your tentacles to constrict eight enemies at once.
Your skin changes colour to match your surroundings (Stealth+).
Your rubbery body absorbs attacks. (AC +1, EV +1)
You have a pair of small antennae on your head.
Your body often deteriorates upon taking damage.
You are weak. (Str -2)


Message History

You are no longer poisoned.
The centaur wields a shortbow.
The centaur shoots an arrow.
The arrow misses you. Xom grants you insight.
You feel momentarily disoriented.
The centaur shoots an arrow.
The arrow misses you.
The centaur shoots an arrow.
You block the arrow.
You hear a splash.
The centaur shoots an arrow.
The arrow hits you!
* * * LOW HITPOINT WARNING * * *
Your body deteriorates!
You feel clumsy.
You hear a splash.
You see here 2 arrows.
You feel better.
The centaur shoots an arrow.
The arrow hits you!
* * * LOW HITPOINT WARNING * * *
Your body deteriorates!
You feel weakened.
The centaur shoots an arrow.
The arrow hits you!
You die...
Xom laughs nastily!

###.### #.o#)......
#.....# ##gY.#######
#..<..###g###.Yg..##
#.....##c## #{....#
#.....#.## #g....#*
#...p..## #c..:K#*
###g....#######.o.KK..
#≈≈≈≈o(≈≈≈≈≈≈≈≈≈......
#≈###@......###≈....K.
*≈* ######### #≈##....
*≈** *#≈#*.... *≈,*
*,≈**,,,, *≈,*
*,≈**,,,, *≈,*
*,≈,,,,,, *≈,*
*,≈,***** *≈,* *,≈,*
*≈,* *,≈,*


You could see a slave, a centaur, 2 gnolls, an orc and a goblin.

Vanquished Creatures
  An ice beast (D:6)
  A black bear (D:7)
  A sky beast (D:6)
  2 phantoms
  An ogre (D:7)
  A centaur (D:5)
  3 big kobolds (Sewer)
  Blork the orc (D:6)
  3 bullfrogs
  A scorpion (D:5)
  2 howler monkeys
  4 wights (D:6)
  3 crimson imps
  A centaur skeleton (D:6)
  A jelly (D:7)
  2 centaur zombies (Ossuary)
  A bullfrog skeleton (D:6)
  2 orc priests
  5 hounds
  2 orc wizards
  Jessica (D:3)
  Ijyb (D:2)
  Terence (D:3)
  8 worker ants
  3 hound zombies (Ossuary)
  2 hound skeletons
  3 mummies (Ossuary)
  A worker ant zombie (D:5)
  10 gnolls
  8 adders
  A river rat (D:3)
  An ooze (Sewer)
  3 adder zombies (Ossuary)
  An adder skeleton (D:4)
  2 worms (D:3)
  A dart slug (D:2)
  4 leopard geckos
  14 orcs
  14 giant cockroaches
  3 gnoll zombies (Ossuary)
  13 goblins
  3 hobgoblins
  9 jackals
  16 kobolds
  4 quokkas
  7 ball pythons
  8 bats
  9 frilled lizards
  3 goblin zombies (Ossuary)
  5 hobgoblin zombies (Ossuary)
  6 jackal zombies
  2 kobold zombies (Ossuary)
  2 orc zombies (Ossuary)
  2 quokka skeletons
  5 quokka zombies (Ossuary)
  9 rats
  4 rat zombies (Ossuary)
227 creatures vanquished.

Vanquished Creatures (collateral kills)
  The ghost of Schimscham the Conjurer, a novice HuCj (D:3)
  Sigmund (D:3)
  2 big kobolds (Sewer)
  A scorpion (D:4)
  An iguana (D:5)
  An adder (D:3)
  A goblin (D:3)
8 creatures vanquished.

Vanquished Creatures (others)
  A howler monkey (D:9)
  A jelly (D:9)
  A shadow imp (D:9)
3 creatures vanquished.

Grand Total: 238 creatures vanquished

Notes
Turn   | Place    | Note
-------+----------+-------------------------------------------
     0 | D:1      | Iskender the Octopode Chaos Knight began the quest for the Orb.
     0 | D:1      | Reached XP level 1. HP: 16/16 MP: 1/1
    18 | D:1      | Reached skill level 1 in Stealth
    71 | D:1      | Reached skill level 2 in Stealth
    87 | D:1      | Reached XP level 2. HP: 14/21 MP: 2/2
   240 | D:1      | Reached skill level 3 in Stealth
   258 | D:1      | XOM: divination: detect creatures
   266 | D:1      | XOM: cast spell 'Summon Small Mammal'
   603 | D:2      | Reached XP level 3. HP: 25/26 MP: 3/3
   628 | D:2      | Reached skill level 4 in Stealth
  1060 | D:2      | Reached skill level 5 in Stealth
  1065 | D:2      | Noticed Ijyb
  1066 | D:2      | Reached XP level 4. HP: 24/31 MP: 4/4
  1158 | D:2      | XOM: confuse monster(s)
  1168 | D:2      | Killed Ijyb
  1168 | D:2      | Reached skill level 1 in Shields
  1574 | D:3      | Noticed Schimscham's ghost (novice HuCj)
  1586 | D:3      | XOM: divination: detect items
  1699 | D:3      | Noticed Sigmund
  1704 | D:3      | XOM: potion effect (agility)
  1757 | D:3      | Reached skill level 1 in Slings
  1757 | D:3      | Reached XP level 5. HP: 36/36 MP: 5/5
  1814 | D:3      | Found a basalt altar of Yredelemnul.
  2011 | D:3      | XOM: potion effect (invisibility)
  2013 | D:3      | Noticed Jessica
  2021 | D:3      | Killed Jessica
  2113 | D:3      | Found a glowing drain.
  2142 | Sewer    | Entered a sewer
  2211 | Sewer    | XOM: scenery: 1 doors open
  2306 | Sewer    | XOM: scenery: create altars
  2367 | Sewer    | XOM: snakes to sticks
  2409 | Sewer    | Noticed a big kobold
  2416 | Sewer    | Killed a big kobold
  2416 | Sewer    | Reached XP level 6. HP: 35/42 MP: 6/6
  2462 | Sewer    | XOM: god gift: phial of floods
  2594 | Sewer    | XOM: summons 5 friendly demons
  2599 | Sewer    | Reached skill level 5 in Slings
  2601 | Sewer    | Reached XP level 7. HP: 40/46 MP: 7/7
  2689 | D:3      | Killed Sigmund
  2800 | D:3      | Killed Schimscham's ghost
  2881 | D:3      | Noticed Terence
  2893 | D:3      | Killed Terence
  2894 | D:3      | XOM: cloud trail
  3342 | D:4      | Reached XP level 8. HP: 52/52 MP: 8/8
  3505 | D:4      | Reached skill level 6 in Stealth
  3555 | D:4      | Found a shattered altar of Ashenzari.
  3797 | D:4      | XOM: summons friendly ice devil
  3844 | D:4      | XOM: god gift: glowing fustibalus {god gift}
  3904 | D:4      | XOM: scenery: create altars
  3946 | D:5      | Entered Level 5 of the Dungeon
  3979 | D:5      | XOM: god gift: hand axe {god gift}
  4039 | D:5      | XOM: 1-stop teleportation journey
  4093 | D:5      | Reached skill level 7 in Stealth
  4173 | D:5      | Found a shimmering altar of Xom.
  4182 | D:5      | Found a deep blue altar of Sif Muna.
  4228 | D:5      | XOM: give mutation
  4228 | D:5      | Gained mutation: You have a pair of small antennae on your head. [Xom's grace]
  4251 | D:5      | Found a sand-covered staircase.
  4260 | Ossuary  | Entered an ossuary
  4499 | Ossuary  | XOM: smoke on damage
  4562 | Ossuary  | Reached skill level 8 in Stealth
  4739 | Ossuary  | XOM: god gift: smelly gold dragon scales {god gift}
  4740 | Ossuary  | Got smelly gold dragon scales {god gift}
  5086 | D:5      | Found a snail-covered altar of Cheibriados.
  5388 | D:5      | HP: 1/52 [centaur/arrow (10)]
  5404 | D:5      | XOM: god gift: orange potion {god gift}
  5597 | D:5      | XOM: scenery: create altars
  5644 | D:5      | XOM: mild Divn miscast
  5697 | D:6      | Learned a level 3 spell: Regeneration
  5743 | D:6      | XOM: give mutation
  5743 | D:6      | Gained mutation: You are dopey. (Int -2) [Xom's mischief]
  5751 | D:6      | XOM: swap monsters
  6001 | D:6      | Noticed Blork the orc
  6010 | D:6      | Killed Blork the orc
  6010 | D:6      | Reached XP level 9. HP: 52/56 MP: 9/9
  6029 | D:6      | XOM: noise
  6064 | D:6      | Reached skill level 9 in Stealth
  6107 | D:6      | XOM: summons 2 friendly demons
  6117 | D:6      | XOM: polymorph iron imp -> quasit
  6128 | D:6      | XOM: scenery: create altars
  6224 | D:7      | XOM: god gift: meat ration
  6388 | D:7      | Reached skill level 10 in Stealth
  6569 | D:6      | XOM: mild Necr miscast
  6592 | D:6      | XOM: cloud trail
  6769 | D:6      | XOM: mild Air miscast
  6771 | D:6      | XOM: give mutations
  6771 | D:6      | Gained mutation: Your body sometimes deteriorates upon taking damage. [Xom's mischief]
  6771 | D:6      | Gained mutation: You are weak. (Str -2) [Xom's mischief]
  6771 | D:6      | Lost mutation: You are dopey. (Int -2) [Xom's mischief]
  6843 | D:6      | Found a staircase to the Ecumenical Temple.
  6852 | Temple   | Entered the Ecumenical Temple
  6963 | Temple   | XOM: 2-stop teleportation journey
  7074 | D:6      | XOM: medium Divn miscast
  7294 | D:6      | XOM: harmless Necr miscast
  7481 | D:7      | XOM: severe Chrm miscast
  7514 | D:7      | Gained mutation: Your body often deteriorates upon taking damage. [mutagenic glow]
  7516 | D:7      | XOM: mild Tloc miscast
  7562 | D:7      | XOM: medium Necr miscast
  7770 | D:7      | XOM: mild Ice miscast
  7825 | D:8      | XOM: 1-stop teleportation journey
  7828 | D:8      | Noticed Pikel
  7971 | D:8      | Found a sparkling altar of Nemelex Xobeh.
  7981 | D:8      | XOM: noise
  8004 | D:8      | XOM: harmless Necr miscast
  8011 | D:8      | XOM: 3-stop teleportation journey
  8047 | D:8      | Found a staircase to the Lair.
  8052 | D:8      | XOM: smoke on damage
  8054 | D:8      | XOM: enchant monster (bad)
  8088 | D:8      | XOM: divination: magic mapping
  8091 | D:8      | Shot with an arrow by a centaur

Skill      XL: |  1  2  3  4  5  6  7  8  9 |
---------------+----------------------------+-----
Stealth        | 2 3 5 8 10 | 10.5
Shields        | 2 4 |  4.2
Slings         | 1 3 5 6 8 9 |  9.0
Dodging        | 4 |  4.8
Fighting       | |  3.0
Polearms       | |  3.0

Action                   |  1- 3 |  4- 6 |  7- 9 || total
-------------------------+-------+-------+-------++-------
Melee: Spear             |    98 |    99 |    14 ||   211
       Constrict         |    16 |    24 |    73 ||   113
       Tentacles         |    12 |    14 |    71 ||    97
       Trident           |       |       |   297 ||   297
 Fire: Hunting sling     |       |    44 |    52 ||    96
       Fustibalus        |       |       |   113 ||   113
Throw: Javelin           |     2 |       |     2 ||     4
       Stone             |     1 |     6 |       ||     7
Evoke: Wand              |       |       |     6 ||     6
       Phial of floods   |       |       |     1 ||     1
  Use: Scroll            |       |     1 |    14 ||    15
       Potion            |       |     1 |     5 ||     6
 Stab: Sleeping          |    16 |     3 |    23 ||    42
       Petrifying        |     1 |       |       ||     1
       Confused          |       |     1 |       ||     1
       Paralysed         |       |     2 |       ||     2
  Eat: Chunk             |     1 |     1 |     6 ||     8
       Bread ration      |       |     1 |     1 ||     2
       Beef jerky        |       |       |     2 ||     2
       Fruit             |       |       |     6 ||     6
       Royal jelly       |       |       |     2 ||     2
Armor: Skin              |     4 |     4 |     4 ||    12
Dodge: Dodged            |    33 |    32 |   132 ||   197
Block: Buckler           |       |     4 |    56 ||    60
